 Dungeon Crawl Stone Soup version 0.16.1-30-g34a7ffa (webtiles) character file.

252 Krapule the Insei (level 6, 0/41 HPs)
             Began as an Octopode Transmuter on June 21, 2015.
             Killed from afar by Robin (12 damage)
             ... with a wand of frost
             ... on level 3 of the Dungeon.
             The game lasted 00:11:42 (4212 turns).

Krapule the Insei (Octopode Transmuter)             Turns: 4212, Time: 00:11:42

Health: 0/41       AC:  1    Str: 10    XL:     6   Next: 14%
Magic:  12/12      EV: 13    Int: 15    God:
Gold:   148        SH:  0    Dex: 14    Spells: 1 memorised, 10 levels left

rFire  . . .     SeeInvis .       - Unarmed
rCold  . . .     Clarity  .     (no shield)
rNeg   . . .     SustAb   .     (helmet restricted)
rPois  .         Gourm    .     (no amulet)
rElec  .         Spirit   .     (no ring)
rCorr  .         Warding  .     (no ring)
rMut   .         Stasis   .     (no ring)
MR     .....                    (no ring)
Stlth  ++........               (no ring)
                                (no ring)
                                (no ring)
                                (no ring)

@: confused, not resistant to hostile enchantments, unstealthy
A: almost no armour, amphibious, 8 rings, constrict 8, camouflage 1, gelatinous
body 1
a: no special abilities


You were on level 3 of the Dungeon.
You were not hungry.

You visited 1 branch of the dungeon, and saw 3 of its levels.

You collected 148 gold pieces.

Inventory:

Missiles
 b - 82 arrows
Scrolls
 e - a scroll of noise {unknown}
 g - 4 scrolls of enchant armour {unknown}
 h - 2 scrolls of identify {unknown}
 i - 3 scrolls of blinking {unknown}
 l - 3 scrolls of remove curse {unknown}
 m - a scroll of fear {unknown}
 o - a scroll of teleportation {unknown}
 p - a scroll of magic mapping {unknown}
Potions
 f - 2 potions of flight {unknown}
 k - a potion of restore abilities {unknown}
 n - 2 potions of curing {unknown}
Books
 d - a book of Changes

   Spells                             Type                      Level
   a - Beastly Appendage              Transmutation                1
   b - Sticks to Snakes               Transmutation                2
   c - Spider Form                    Transmutation/Poison         3
   d - Ice Form                       Ice/Transmutation            4
   e - Blade Hands                    Transmutation                5
Comestibles
 a - 3 bread rations
 c - a beef jerky
 j - 2 meat rations


   Skills:
 + Level 2.4 Fighting
 + Level 3.3 Dodging
 + Level 4.1 Unarmed Combat
 - Level 3.0 Spellcasting
 + Level 3.2 Transmutations


You had 10 spell levels left.
You knew the following spells:

 Your Spells              Type           Power        Failure   Level  Hunger
a - Beastly Appendage     Trmt           ##....       6%          1    #......


Dungeon Overview and Level Annotations

Branches:
Dungeon (3/15)

Altars:
Xom

Annotations:
D:3 Robin


Innate Abilities, Weirdness & Mutations

You cannot wear most types of armour.
You are amphibious.
You can wear up to eight rings at the same time.
You can use your tentacles to constrict many enemies at once.
Your skin changes colour to match your surroundings (Stealth).
Your rubbery body absorbs attacks (AC +1).


Message History

Items here: )) †† a club; a short sword; a goblin corpse; an orc corpse You start resting.
An orc priest comes into view. It is wielding a dagger.
An orc and an orc wizard come into view.
The orc wizard shouts!
Robin says, "A pitiful Octopus like you will never find the ORB!"
An orc comes into view.
The orc shouts!
The orc wizard casts a spell at you.
You are confused.
An orc comes into view. It is wielding a mace.
The orc shouts! x2
You bump into the rock wall.
The orc wizard points at you and mumbles some strange words.
The puff of flame hits you!
You're too confused to move!
The orc hits you.
* * * LOW HITPOINT WARNING * * *
Robin zaps a wand.
The puff of frost hits you!
You die...

##..)g.....#
#..###+###.# #g.#
#.# #.#
#..###.###g#
#..'.._###.#
#..###.###.# #.g#
#.# #.#
#..###'###.#
#.....@..g.#
#.#...oo.###
.......o..#
#####.o...#########
#..............
#.....######..#
#.....#
######.....#
#.......)..#


You could see Robin, an orc wizard and 3 orcs.

Vanquished Creatures
  An iguana (D:3)
  Jessica (D:2)
  13 adders
  2 worms (D:2)
  3 giant geckos
  5 orcs (D:3)
  A giant cockroach (D:2)
  10 goblins
  12 hobgoblins
  2 jackals (D:1)
  6 kobolds
  2 ball pythons (D:1)
  7 bats
  3 giant newts (D:2)
  3 quokkas
  14 rats
85 creatures vanquished.

Notes
Turn   | Place    | Note
--------------------------------------------------------------
     0 | D:1      | Krapule, the Octopode Transmuter, began the quest for the Orb.
     0 | D:1      | Reached XP level 1. HP: 13/13 MP: 3/3
   105 | D:1      | Reached XP level 2. HP: 9/18 MP: 4/4
   675 | D:1      | Reached XP level 3. HP: 23/23 MP: 6/6
  1546 | D:2      | Reached XP level 4. HP: 19/29 MP: 8/8
  1898 | D:2      | Noticed an ice beast
  2611 | D:2      | Reached XP level 5. HP: 29/34 MP: 9/9
  2816 | D:2      | Noticed Jessica
  2821 | D:2      | Killed Jessica
  2884 | D:3      | Noticed Robin
  3511 | D:3      | Reached skill level 4 in Unarmed Combat
  3532 | D:2      | HP: 1/35 [hobgoblin/club[Robin] (4)]
  3963 | D:3      | Found a shimmering altar of Xom.
  3992 | D:3      | Reached XP level 6. HP: 31/41 MP: 12/12
  4212 | D:3      | Killed from afar by Robin

Action                   |  1- 3 |  4- 6 || total
-------------------------+-------+-------++-------
Melee: Unarmed           |    77 |   136 ||   213
 Stab: Sleeping          |     6 |     5 ||    11
  Eat: Chunk             |     2 |     8 ||    10
